Map: Oxide LE

Players

黑羽快斗 (ButAlways)

  • Race: Protoss Protoss
  • League: Grandmaster
  • Spawn Location: 1:00

Nice - Winner!

  • Race: Protoss Protoss
  • Spawn Location: 7:00

Event: DreamHack SC2 Masters 2020 Winter

VOD

Have the link to the VOD?

Description

Time

  • Played on: Oct. 23, 2020, 7:37 a.m.
  • Length: 6:09

All games in this series

Show
View Real Time Build Order
Export as new Build Order

黑羽快斗 Protoss 

Build Orders:  

Get SALT Encoding   

  12  0:00  Probe  
  13  0:12  Probe  
  14  0:19  Pylon  
  14  0:24  Probe  
  15  0:37  Probe (Chrono Boost)  
  15  0:38  Gateway  
  16  0:46  Probe (Chrono Boost)  
  16  0:48  Assimilator  
  17  0:51  Probe (Chrono Boost)  
  18  0:58  Assimilator  
  18  1:04  Probe (Chrono Boost)  
  19  1:12  Probe (Chrono Boost)  
  19  1:18  Probe  
  20  1:22  Pylon  
  21  1:28  Cybernetics Core  
  21  1:30  Probe  
  22  1:40  Zealot  
  22  1:42  Probe  
  26  2:05  Stalker (Chrono Boost), Warp Gate  
  27  2:19  Stargate  
  27  2:27  Pylon  
  27  2:28  Stalker  
  29  2:57  Stalker  
  29  2:58  Void Ray (Chrono Boost)  
  30  3:00  Gateway  
  34  3:09  Gateway  
  34  3:10  Shield Battery  
  34  3:14  Pylon  
  34  3:26  Pylon  
  34  3:30  Void Ray (Chrono Boost)  
  34  3:39  Pylon  
  38  3:54  Stalker  
  40  3:57  Stalker  
  37  4:11  Adept  
  39  4:19  Adept  
  39  4:20  Adept  
  39  4:22  Pylon  
  39  4:24  Probe  
  44  4:33  Adept  
  46  4:40  Stalker  
  46  4:44  Stalker  
  50  4:56  Stalker  
  52  5:03  Stalker  
  50  5:20  Stalker x2  
  46  5:26  Stalker  
Show
View Real Time Build Order
Export as new Build Order

Nice Protoss - Winner!

Build Orders:  

Get SALT Encoding   

  12  0:00  Probe  
  13  0:12  Probe  
  14  0:17  Pylon  
  14  0:24  Probe  
  15  0:36  Gateway, Probe (Chrono Boost)  
  16  0:47  Assimilator, Probe (Chrono Boost)  
  17  0:52  Probe (Chrono Boost)  
  18  0:58  Assimilator  
  18  1:03  Probe (Chrono Boost)  
  19  1:08  Gateway  
  19  1:13  Probe (Chrono Boost)  
  20  1:22  Pylon  
  20  1:29  Cybernetics Core  
  20  1:33  Probe  
  21  1:45  Probe  
  22  1:54  Pylon  
  22  1:57  Probe  
  23  2:03  Warp Gate (Chrono Boost)  
  23  2:05  Adept x2  
  27  2:09  Probe  
  28  2:19  Cybernetics Core  
  28  2:25  Pylon  
  28  2:38  Stalker  
  28  2:41  Stalker  
  31  2:50  Probe  
  32  3:08  Nexus, Sentry  
  34  3:13  Pylon  
  34  3:20  Shield Battery  
  34  3:23  Probe  
  35  3:35  Shield Battery, Probe  
  36  3:47  Sentry x2  
  40  3:48  Shield Battery  
  40  4:08  Probe (Chrono Boost)  
  39  4:10  Stalker x2  
  43  4:20  Probe (Chrono Boost)  
  45  4:25  Probe x2 (Chrono Boost)  
  46  4:33  Pylon  
  46  4:35  Probe  
  46  4:36  Stalker x2  
  51  4:40  Probe  
  52  4:47  Probe  
  53  4:57  Gateway  
  53  4:59  Stalker x2  
  57  5:04  Pylon  
  55  5:17  Pylon  
  53  5:24  Pylon  
  53  5:25  Probe x2  
  53  5:27  Shield Battery  
  55  5:30  Shield Battery  
  55  5:32  Shield Battery  
  55  5:41  Stalker  
  55  5:42  Stalker  
  53  5:46  Probe  
  53  5:47  Probe  
Tags
 
Add a new tag
Caveats
  • Supply blocks, unpowered buildings, or Contaminate may cause inaccurate times.
  • Supply counts are checked every 10 seconds.